 Seeded DCSS version 0.30-a0-304-gdc4b735fe1 (webtiles) character file.

Game seed: 452596964315409404 (custom seed)

319 koil the Sneak (level 6, -1/32 HPs)
             Began as a Spriggan Brigand on Oct 21, 2022.
             Slain by an orc priest
             ... wielding a +0 dagger
              (3 damage)
             ... on level 4 of the Dungeon.
             The game lasted 00:06:07 (2543 turns).

koil the Sneak (Spriggan Brigand)                   Turns: 2543, Time: 00:06:08

Health: -1/32      AC:  3    Str:  7    XL:     6   Next: 21%
Magic:  11/11      EV: 18    Int: 21    God:
Gold:   164        SH:  0    Dex: 16    Spells: 11/11 levels left

rFire   . . .      SeeInvis +    a - +2 dagger
rCold   . . .      Faith    .    (no shield)
rNeg    . . .      Spirit   .    r - +0 robe
rPois   .          Reflect  .    (helmet restricted)
rElec   .          Harm     .    c - +0 cloak
rCorr   .          Rampage  .    (gloves unavailable)
Will    +....                    (boots unavailable)
Stlth   ++++......               (no amulet)
HPRegen 0.25/turn                w - +6 ring of intelligence
MPRegen 0.12/turn                (no ring)

@: very quick
A: very small, no large weapons, unfitting armour, see invisible, speed 3
a: no special abilities


You were on level 4 of the Dungeon.
You visited 1 branch of the dungeon, and saw 4 of its levels.

You collected 164 gold pieces.

Inventory:

Hand Weapons
 a - a +2 dagger (weapon)
 q - a +0 scythe
Missiles
 d - 9 poisoned darts (quivered)
 e - 3 curare-tipped darts
Armour
 b - a +0 robe
 c - a +0 cloak (worn)
 r - a +0 robe (worn)
 x - an orb of guile
 y - the +1 ring mail of the Centipede {Harm Rampage Str+7 Dex-2}
   (You found it on level 4 of the Dungeon)

   Str:       It affects your strength (+7).
   Dex:       It affects your dexterity (-2).
   Harm:      It increases damage dealt and taken.
   Rampage:   It bestows one free step when moving towards enemies.
Magical Staves
 f - a staff of fire
Jewellery
 w - a +6 ring of intelligence (left hand)
Wands
 o - a wand of flame (12)
Scrolls
 g - a scroll of summoning {unknown}
 h - a scroll of vulnerability {unknown}
 j - 2 scrolls of poison {unknown}
 k - a scroll of fear {unknown}
 l - a scroll of noise {unknown}
 m - a scroll of identify {unknown}
 t - a scroll of amnesia {unknown}
 u - 2 scrolls of enchant weapon {unknown}
 v - a scroll of torment {unknown}
Potions
 i - a potion of lignification {unknown}
 n - a potion of ambrosia {unknown}
 p - a potion of curing {unknown}
 s - 2 potions of attraction {unknown}


   Skills:
 + Level 2.7 Fighting
 + Level 3.6 Short Blades
 - Level 2.0 Throwing
 + Level 3.9 Dodging
 + Level 7.4 Stealth
 + Level 3.0 Spellcasting


You had 11 spell levels left.
You didn't know any spells.
Your spell library contained the following spells:

 Spells                   Type           Power      Damage    Failure   Level
 Ignite Poison            Fire/Tmut/Pois 3%         N/A       36%         3
 Kindle Blastsparks       Fire/Tloc/Air  6%         2d10      36%         3
 Freezing Cloud           Conj/Ice/Air   1%         6-21      98%         5


Dungeon Overview and Level Annotations

Branches:
Dungeon (4/15)             Temple (0/1) D:4

Altars:
Zin

Shops:
D:2 [

Annotations:
D:2 1 exclusion


Innate Abilities, Weirdness & Mutations

You are very small and have problems with some larger weapons.
You are too small for most types of armour.
You have supernaturally acute eyesight. (SInv)
You cover ground extremely quickly. (Speed+++)


Message History

The orc priest is moderately wounded.
You hit the orc priest.
The orc priest is moderately wounded.
The orc priest looks more healthy.
The orc priest closely misses you.
You hit the orc priest but do no damage.
The orc priest is heavily wounded.
The orc priest misses you.
You hit the orc priest.
The orc priest is severely wounded.
The orc priest hits you with a +0 dagger.
You closely miss the orc priest.
The orc priest is severely wounded.
The orc priest misses you.
You hit the orc priest.
The orc priest is almost dead.
The orc priest invokes the aid of Beogh against you.
Beogh smites you!
You hit the orc priest.
The orc priest is almost dead.
You hit the orc priest but do no damage.
The orc priest is almost dead.
The orc priest hits you with a +0 dagger.
* * * LOW HITPOINT WARNING * * *
You completely miss the orc priest.
The orc priest is almost dead.
The orc priest hits you with a +0 dagger.
* * * LOW HITPOINT WARNING * * *
Throw: 11 darts (poison)
Press: ? - help, Q - select action, (/) - cycle Shift-Dir - straight line, f/p - orc priest
Aim: an orc priest, wielding a +0 dagger and wearing a +0 leather armour (almost dead, 62% to hit)
You throw a poisoned dart.
The poisoned dart barely misses the orc priest.
The orc priest misses you.
Throw: 10 darts (poison)
Press: ? - help, Q - select action, (/) - cycle Shift-Dir - straight line, f/p - orc priest
Aim: an orc priest, wielding a +0 dagger and wearing a +0 leather armour (almost dead, 62% to hit)
You throw a poisoned dart.
The poisoned dart barely misses the orc priest.
The orc priest hits you with a +0 dagger.
You die...

#####.###...# #.....
#...).......#######.####
#.###.#####...........#
#.# #.#........>###.#†#
#.###.#.#######.# #)#.#
#.....#.#### #.# #.#.#
#####.#....# #.# #.#.#
######.####.# #.#.#
#..@o....(#.# #...##
#.###(###.#.# #.....
####'##......#.###.####
#....................#.
+............#####.#...
#...........##..<..#.#.
#...........##.#####.#.
#...........## ##.##
#######.....##. #....


You could see an orc priest.

Vanquished Creatures
  Sigmund (D:2)
  A scorpion (D:4)
  2 adders
  A worm (D:2)
  3 orcs (D:4)
  7 ball pythons
  4 endoplasms
  3 giant cockroaches
  4 hobgoblins
  6 jackals
  A quokka (D:1)
  5 bats
  2 frilled lizards (D:1)
  4 goblins
  16 kobolds
  6 rats
66 creatures vanquished.

Vanquished Creatures (others)
  6 fungi (D:2)
  2 plants (D:3)
  7 toadstools (D:2)
15 creatures vanquished.

Grand Total: 81 creatures vanquished

Notes
Turn   | Place    | Note
-------+----------+-------------------------------------------
     0 | D:1      | koil the Spriggan Brigand began the quest for the Orb.
     0 | D:1      | Reached XP level 1. HP: 10/10 MP: 2/2
   168 | D:1      | Reached skill level 6 in Stealth
   279 | D:1      | Reached XP level 2. HP: 15/15 MP: 2/4
   492 | D:1      | Reached skill level 1 in Spellcasting
   766 | D:2      | Found Tiaxt's Armour Shop.
   875 | D:2      | Reached XP level 3. HP: 14/18 MP: 5/5
  1059 | D:2      | Noticed Sigmund
  1068 | D:2      | Killed Sigmund
  1069 | D:2      | Reached skill level 7 in Stealth
  1069 | D:2      | Reached XP level 4. HP: 23/23 MP: 6/9
  1069 | D:2      | Reached XP level 5. HP: 27/27 MP: 6/10
  1672 | D:3      | Found a glowing silver altar of Zin.
  2114 | D:4      | Identified the +1 ring mail of the Centipede {Harm Rampage
                  | Str+7 Dex-2}
  2178 | D:4      | Found a staircase to the Ecumenical Temple.
  2290 | D:4      | Reached XP level 6. HP: 8/32 MP: 11/11
  2543 | D:4      | Slain by an orc priest

Illustrated notes

Levels and vault maps discovered:
D:1:      dpeg_arrival_oval, layout_loops_ring, nrook_mini_backslash
D:2:      cheibrodos_fertilizer, layout_rooms, serial_aquarium,
          aquarium_bridge_straight [aquarium_subvault_bridge,
          aquarium_subvault_wall, aquarium_subvault_bridge,
          aquarium_subvault_balcony], aquarium_window_corner,
          aquarium_window_corridor_3, aquarium_window_2, aquarium_window_fake,
          aquarium_view_2e, aquarium_balcony_5a, serial_shops,
          nicolae_shop_stone, uniq_natasha, uniq_robin, uniq_sigmund
D:3:      layout_rooms, zin_scriptorium, chequers_big_river
D:4:      layout_basic, temple_green, gammafunk_ghost_necromancy,
          minmay_mini_jars

Skill      XL: |  1  2  3  4  5 |
---------------+----------------+-----
Stealth        | 6 7 |  7.4
Spellcasting   | 1 2 3 |  3.0
Dodging        | 2 3 |  3.9
Fighting       | 2 |  2.7
Short Blades   | 3 |  3.6
Throwing       | |  2.0

Action                   |  1- 3 |  4- 6 || total
-------------------------+-------+-------++-------
Melee: Dagger            |    86 |   106 ||   192
       Punch             |       |     1 ||     1
Throw: Dart              |       |     6 ||     6
 Stab: Sleeping          |    18 |    11 ||    29
Armor: Robe              |     9 |    11 ||    20
Dodge: Dodged            |    39 |    71 ||   110

Table legend: (Time is in decaauts)
 A = Elapsed time spent in this place.
 B = Non-inter-level travel time spent in this place.
 C = Inter-level travel time spent in this place.
 D = Time resting spent in this place.
 E = Time spent auto-exploring this place.
 F = Levels seen in this place.
 G = Mean time per level.
                   A        B        C        D        E       F      G
               +--------+--------+--------+--------+--------+-----+--------+
         Total |   1712 |   1672 |     40 |     93 |   1166 |   4 |  428.0 |
       Dungeon |   1712 |   1672 |     40 |     93 |   1166 |   4 |  428.0 |
               +--------+--------+--------+--------+--------+-----+--------+

Top non-repeatable levels by time:
     D:3: 508 daAuts
     D:1: 468 daAuts
     D:2: 377 daAuts
     D:4: 358 daAuts
